woodfighter, chaotic female sylph Ranger # -------[----- --------- ----- #............| |.......| |...| #|...........| |......*.####+....# #-----|------- |.<.....| |...|# ## ####### -------.- |...|# # # ---------- # -+---# [ ## |.........### ### # # # # ----.--- |).......| # #%# # # ##-...(..| |.....>..| ###)## # # # # |......| |........| --.----------- @##`##%######### |.......# |.........#####...........%..###%#T#---|--# --.-----# ---------- |............| #|....| # # |............| #.)...+ # ---- |....[.......-## |....| ######...| ----......---- ------ |..| --|----- ---- # woodfighter the Reconnoiteress Experience level: 11 Strength: 16 Dexterity: 17 Constitution: 16 Intelligence: 13 Wisdom: 13 Charisma: 7 Health: 83(83) Energy: 60(60) Def: 10 Gold: 23 Moves: 17838 Dungeon seed: kG-mYTtmsx2OaF3O Game ID: woodfighter_1470651105 Your Inventory: Coins $ - 23 gold pieces Weapons a - a +2 bow (weapon in hand) c - 25 +2 arrows (in quiver) d - 35 +0 arrows D - 3 rusty +2 arrows Armor n - an uncursed +0 elven shield (being worn) q - an uncursed +0 pair of gauntlets of fumbling r - a blessed +2 cloak of invisibility (being worn) Comestibles f - 3 uncursed cram rations j - 3 uncursed food rations O - 3 uncursed lizard corpses U - an uncursed C-ration Wands v - a wand of digging (0:6) Tools b - an uncursed pair of lenses (being worn) s - an uncursed bag of holding y - an uncursed skeleton key W - an uncursed magic lamp Gems P - an uncursed luckstone Contents of the bag of holding: 5023 gold pieces 33 +0 arrows 25 +0 elven arrows 8 cursed -2 elven arrows 11 +0 silver arrows an uncursed +0 mummy wrapping 8 uncursed food rations a blessed scroll of create monster an uncursed scroll of create monster an uncursed scroll of light an uncursed scroll of scare monster an uncursed scroll of teleportation an uncursed spellbook of identify an uncursed spellbook of knock an uncursed spellbook of knock an uncursed spellbook of magic missile 2 uncursed potions of confusion an uncursed potion of extra healing an uncursed potion of fruit juice a blessed potion of healing an uncursed potion of invisibility an uncursed potion of levitation an uncursed potion of restore ability a cursed potion of see invisible 2 uncursed potions of sickness a cursed potion of sleeping a cursed ring of aggravate monster an uncursed ring of cold resistance a wand of fire (0:4) a wand of striking (0:7) a +0 pick-axe Spells and supernatural/magical abilities: Name Level Category Fail Memory W - pray for help -- divine ? -- Your skills at the end: Miscellaneous Skills shield [Basic] wands [Basic] Weapon Skills dagger [Basic] bow [Expert] Spellcasting Skills Final Attributes: You were piously aligned. You were cold resistant. You saw invisible. You had automatic searching. You had infravision. You were invisible to others. You were displaced. You were stealthy. You were protected. You were protected from shape changers. You were lucky. You had extra luck. Bad luck did not time out for you. Good luck did not time out for you. You are dead. Vanquished creatures: a nurse a winged gargoyle 3 giant mimics a large mimic 2 long worms a fire elemental a water elemental 3 elf-lords a sergeant a small mimic a warhorse an ettin mummy an ogre lord a wood golem a pyrolisk a flaming sphere 2 large cats a tiger a dwarf king a tengu a chameleon a crocodile a leocrotta 2 elf mummies a pit viper a wraith 3 ettin zombies 2 giant beetles a cockatrice 7 wolves 5 winter wolf cubs a lynx a gremlin 3 leprechauns 4 quivering blobs a spotted jelly 3 lizards 6 giant spiders 2 horses a black light 5 gnome kings 3 orc mummies 2 dwarf mummies an ogre a brown pudding 3 rust monsters an owlbear 3 yetis a werewolf 2 Green-elves a dog 3 dingos 3 jaguars 2 dwarf lords 2 blue jellies 2 water nymphs 3 dust vortices a plains centaur a snake a human zombie a rope golem a Woodland-elf a soldier ant 2 fire ants 4 wood nymphs 2 Mordor orcs 3 rock moles 3 rock piercers 2 ponies 2 fog clouds 3 yellow lights 2 shriekers 16 gnome lords 8 gnomish wizards a kobold mummy 2 red naga hatchlings a black naga hatchling 2 golden naga hatchlings 2 guardian naga hatchlings 3 gray oozes 2 barrow wights 9 elf zombies a paper golem 4 giant ants 3 little dogs 6 floating eyes 2 kittens 20 dwarves a kobold lord 8 iguanas 7 hill orcs 8 rothes 2 rabid rats 4 centipedes 3 giant bats a monkey 3 orc zombies 8 dwarf zombies a wererat 3 werejackals 11 killer bees 8 coyotes 4 gas spores 9 hobbits 2 acid blobs 4 large kobolds 5 geckos 2 hobgoblins 9 giant rats 3 cave spiders 2 brown molds 7 yellow molds 3 red molds 65 gnomes 11 garter snakes 7 manes 2 gnome zombies 5 jackals 2 foxes 6 kobolds 12 newts a goblin a sewer rat 8 grid bugs 3 bats 8 lichens 5 kobold zombies 476 creatures vanquished. Voluntary challenges: You were vegetarian. You had been an atheist until turn 9182. You used a wielded weapon 9 times, starting on turn 1586. You did not apply a unicorn horn. You read items or engraved 7 times, starting on turn 937. You never genocided any monsters. You never polymorphed an object. You never changed form. You completed Sokoban on turn 7149, according to the rules. You used no wishes. You never split a pudding. You wrote Elbereth's name 1 time, starting on turn 15747. You violated your moral code, losing 4 points of alignment, starting on turn 2171. Dungeon overview: The Dungeons of Doom: levels 1 to 17 Level 1 a long staircase Level 2 Level 3 a potion shop, some fountains stairs to The Gnomish Mines Level 4 (closed shop) a fountain Level 5 Level 6 Level 7 some fountains Level 8 some fountains Level 9 many fountains Level 10 (locked box) stairs to Sokoban Level 11 an altar to Venus Level 12 Level 13 a weapon shop, a fountain Level 14 a temple to Mars Level 15 (rogue) Level 16 (portal) <- You were here Level 17 The Gnomish Mines: levels 4 to 11 Level 4 stairs to The Dungeons of Doom Level 5 Level 6 many shops, a temple to Mars, a magic chest, some fountains Level 7 Level 8 Level 9 Level 10 Level 11 a magic chest, a fountain Sokoban: levels 6 to 9 Level 6 a magic chest Level 7 Level 8 Level 9 a magic chest stairs to The Dungeons of Doom History has recorded: On T:1 you entered the Dungeons of Doom to retrieve the Amulet of Yendor! On T:215 you reached level 2 of The Dungeons of Doom. On T:417 you advanced to experience level 2. On T:667 you reached level 3 of The Dungeons of Doom. On T:771 you reached level 4 of The Dungeons of Doom. On T:810 you reached level 1 of The Gnomish Mines. On T:1040 you advanced to experience level 3. On T:1546 you reached level 5 of The Dungeons of Doom. On T:1633 you reached level 6 of The Dungeons of Doom. On T:1957 you reached level 7 of The Dungeons of Doom. On T:2012 you advanced to experience level 4. On T:2194 you advanced to experience level 5. On T:2318 you reached level 8 of The Dungeons of Doom. On T:2823 you reached level 9 of The Dungeons of Doom. On T:3250 you advanced to experience level 6. On T:3933 you reached level 4 of Sokoban. On T:4038 you opened a magic chest. On T:4039 you opened a magic chest. On T:4140 you advanced to experience level 7. On T:4277 you reached level 3 of Sokoban. On T:5018 you reached level 2 of Sokoban. On T:5835 you reached level 1 of Sokoban. On T:6883 you advanced to experience level 8. On T:7149 you advanced to experience level 9. On T:7149 you entered the Sokoban zoo. On T:7252 you opened a magic chest. On T:7724 you opened a magic chest. On T:8389 you reached level 2 of The Gnomish Mines. On T:8706 you reached level 3 of The Gnomish Mines. On T:9014 you reached level 4 of The Gnomish Mines. On T:9178 you entered the Minetown temple On T:9194 you opened a magic chest. On T:9195 you opened a magic chest. On T:9203 you opened a magic chest. On T:9204 you opened a magic chest. On T:9206 you opened a magic chest. On T:9237 you opened a magic chest. On T:9249 you opened a magic chest. On T:9250 you opened a magic chest. On T:9250 you opened a magic chest. On T:9278 you opened a magic chest. On T:9296 you opened a magic chest. On T:9561 you opened a magic chest. On T:9636 you opened a magic chest. On T:9637 you opened a magic chest. On T:9765 you opened a magic chest. On T:10383 you reached level 5 of The Gnomish Mines. On T:10706 you reached level 6 of The Gnomish Mines. On T:10980 you advanced to experience level 10. On T:11218 you reached level 7 of The Gnomish Mines. On T:11895 you reached level 8 of The Gnomish Mines. On T:11895 you reached the bottom of the Mines. On T:12156 you opened a magic chest. On T:12159 you opened a magic chest. On T:12162 you opened a magic chest. On T:13649 you opened a magic chest. On T:13650 you opened a magic chest. On T:13663 you opened a magic chest. On T:13664 you opened a magic chest. On T:13665 you opened a magic chest. On T:13767 you opened a magic chest. On T:14351 you reached level 11 of The Dungeons of Doom. On T:14643 you reached level 12 of The Dungeons of Doom. On T:14978 you reached level 13 of The Dungeons of Doom. On T:15628 you reached level 14 of The Dungeons of Doom. On T:16334 you reached level 15 of The Dungeons of Doom. On T:16771 you reached level 16 of The Dungeons of Doom. On T:17399 you advanced to experience level 11. On T:17727 you reached level 17 of The Dungeons of Doom. Score breakdown: Gold: 5046 ( 504 points) Experience: 11 levels ( 1000 points) Exploration: 17 levels ( 480 points) Discoveries: 26 items ( 1300 points) Variety of kills: 127 monsters ( 2000 points) Major goal: Sokoban/Mines ( 1500 points) Survival: died (score multiplied by 3) Total score: 20352 Latest messages: You shoot 3 arrows. The 1st arrow hits the elf-lord! The 2nd arrow hits the elf-lord! The 3rd arrow hits the elf-lord! You shoot 3 arrows. The 1st arrow hits the elf-lord! The 2nd arrow hits the elf-lord! The 3rd arrow hits the elf-lord! The elf-lord reads a scroll of teleportation! c - 3 +2 arrows (in quiver). (2x) q - an uncursed +0 pair of padded gloves. You hear the footsteps of a guard on patrol. You finish searching. You are beginning to feel hungry. You stop exploring. That food really hit the spot! You finish eating the food ration. The door opens. (2x) You hear the footsteps of a guard on patrol. You stop exploring. The arrow hits the rock troll! The rock troll zaps a curved wand! The death ray hits you! Final status: Goodbye woodfighter the Ranger, killed by a death ray... You died in The Dungeons of Doom on dungeon level 16 with 20352 points, and 5046 pieces of gold, after 17838 moves. You were level 11 with a maximum of 83 hit points when you died.